 Dungeon Crawl Stone Soup version 0.24-a0-736-g4e6fe308c7 (webtiles) character file.

Game seed: 351927984422579544, levelgen mode: deterministic

4316 Ijustatesigmund the Prestidigitator (level 10, -12/83 HPs)
             Began as a Gnoll Artificer on Oct 2, 2019.
             Was a Follower of Cheibriados.
             Mangled by a large abomination (27 damage)
             ... on level 1 of the Abyss.
             The game lasted 00:21:28 (9401 turns).

Ijustatesigmund the Prestidigitator (GnAr)          Turns: 9401, Time: 00:21:29

Health: -12/83     AC: 12    Str: 21 (22) XL:     10   Next: 33%
Magic:  14/17      EV: 15    Int: 21      God:    Cheibriados [*.....]
Gold:   408        SH:  0    Dex: 16 (19) Spells: 16/19 levels left

rFire    . . .     SeeInvis .   w - +6 falchion of Kismet {drain, +Fly Str+3 Int+3}
rCold    . . .     Gourm    .   (no shield)
rNeg     . . .     Faith    .   a - +4 ring mail {MR+}
rPois    .         Spirit   .   j - +1 helmet
rElec    .         Reflect  .   (no cloak)
rCorr    .         Harm     .   (no gloves)
MR       ++...                  (no boots)
Stlth    ++........             g - amulet of the acrobat
HPRegen  0.23/turn              l - ring of protection from magic
MPRegen  0.15/turn              (no ring)

@: lightly drained, very slow
A: distributed training, fangs 1, hooves 1, robust 1, strong nose
a: Bend Time, Renounce Religion, Evoke Flight


You were on level 1 of the Abyss.
You worshipped Cheibriados.
Cheibriados was aware of your devotion.
You were not hungry.

You visited 2 branches of the dungeon, and saw 10 of its levels.
You visited the Abyss 1 time.

You collected 408 gold pieces.

Inventory:

Hand Weapons
 m - a +2 mace of protection
 v - a +0 morningstar
 w - the +6 falchion of Kismet (weapon) {drain, +Fly Str+3 Int+3}
   (You found it on level 6 of the Dungeon)

   A truly terrible weapon, it drains the life of those it strikes.
   It affects your strength (+3).
   It affects your intelligence (+3).
   It lets you fly.
Armour
 a - a +4 ring mail of magic resistance (worn)
 j - a +1 helmet (worn)
Jewellery
 g - an amulet of the acrobat (around neck)
 l - a ring of protection from magic (left hand)
Wands
 c - a wand of flame (12)
 d - a wand of enslavement (11)
 n - a wand of disintegration (10)
 o - a wand of iceblast (13)
Scrolls
 b - a scroll of remove curse
 k - 3 scrolls of teleportation
 p - 2 scrolls of enchant weapon
 r - 3 scrolls of magic mapping
 u - 2 scrolls of amnesia
Potions
 h - a potion of resistance
 i - 2 potions of lignification
Comestibles
 f - 16 rations


   Skills:
 + Level 5.7 Fighting
 + Level 5.7 Short Blades
 + Level 5.1(5.0) Long Blades
 + Level 5.1(5.0) Axes
 + Level 5.1(5.0) Maces & Flails
 + Level 5.1(5.0) Polearms
 + Level 5.1(5.0) Staves
 + Level 5.1(5.0) Slings
 + Level 5.1(5.0) Bows
 + Level 5.1(5.0) Crossbows
 + Level 5.1(5.0) Throwing
 + Level 5.1(5.0) Armour
 + Level 6.9 Dodging
 + Level 5.6 Stealth
 + Level 5.1(5.0) Shields
 + Level 5.1(5.0) Unarmed Combat
 + Level 5.1(5.0) Spellcasting
 + Level 4.2(4.1) Conjurations
 + Level 4.2(4.1) Hexes
 + Level 4.2(4.1) Charms
 + Level 4.2(4.1) Summonings
 + Level 4.2(4.1) Necromancy
 + Level 4.2(4.1) Translocations
 + Level 4.2(4.1) Transmutations
 + Level 4.2(4.1) Fire Magic
 + Level 4.2(4.1) Ice Magic
 + Level 4.2(4.1) Air Magic
 + Level 4.2(4.1) Earth Magic
 + Level 4.2(4.1) Poison Magic
 + Level 5.6(5.5) Invocations
 + Level 8.4(8.3) Evocations


You had 16 spell levels left.
You knew the following spells:

 Your Spells              Type           Power        Failure   Level  Hunger
a - Magic Dart            Conj           ###.         3%          1    None
b - Searing Ray           Conj           ###...       4%          2    None

Your spell library contained the following spells:

 Spells                   Type           Power        Failure   Level  Hunger
 Corona                   Hex            ###....      3%          1    None
 Ensorcelled Hibernation  Hex/Ice        ###...       4%          2    None
 Confuse                  Hex            ###.....     9%          3    ##.....
 Dazzling Spray           Conj/Hex       ###...       9%          3    ##.....
 Tukima's Dance           Hex            ###.....     9%          3    ##.....
 Force Lance              Conj/Tloc      ###.....     30%         4    ####...
 Fulminant Prism          Conj/Hex       ###.......   30%         4    ####...
 Iskenderun's Mystic Bla  Conj           ###.....     30%         4    ####...


Dungeon Overview and Level Annotations

Branches:
Dungeon (9/15)             Temple (1/1) D:7            Lair (0/6) D:8
    Orc: D:9-12

Altars:
Ashenzari
Cheibriados
Dithmenos
Elyvilon
Gozag
Makhleb
Nemelex Xobeh
Okawaru
Ru
Uskayaw
Vehumet
Wu Jian
Xom
Yredelemnul
Zin

Annotations:
D:5 1 runed translucent door, Erk's ghost, novice HOFi
D:9 Psyche


Innate Abilities, Weirdness & Mutations

Your experience applies equally to all skills.
You have very sharp teeth.
Your uncanny sense of smell can sniff out nearby items.
You have large cloven feet.
You are robust. (+10% HP)


Message History

You are too injured to fight recklessly!
You are too injured to fight recklessly!
You are too injured to fight recklessly!
You are too injured to fight recklessly!
You are too injured to fight recklessly!
You are too injured to fight recklessly!
The flow of time bends around you.
The large abomination resists with some effort.
You feel slightly more hungry. The large abomination hits you!!
* * * LOW HITPOINT WARNING * * *
You barely miss the large abomination. You kick the large abomination.
The large abomination is moderately damaged.
The large abomination closely misses you.
You barely miss the large abomination.
The large abomination is moderately damaged.
The large abomination misses you.
You slash the large abomination! You kick the large abomination.
The large abomination is heavily damaged.
The large abomination hits you!!
You die...

##.....#.##X.. .
.............
#..............
#............##
#.#..........#.
#.......#..#.#
#...X....#..#
#...@......#..
##..........#
#..........#
................
..................
.........[.......#.
................##
.............._.#
................#


You could see 2 large abominations.

Vanquished Creatures
  Pikel (D:4)
  Joseph (D:9)
  Grinder (D:4)
  Duvessa (D:4)
  2 sky beasts
  A phantom (D:5)
  A black bear (D:6)
  10 ogres
  3 centaurs
  A crocodile (D:8)
  3 bullfrogs (D:6)
  Dowan (D:4)
  A scorpion (D:6)
  3 killer bees (D:8)
  7 wights
  A crimson imp (D:8)
  A howler monkey (D:8)
  4 hounds
  A bullfrog skeleton (D:5)
  A centaur skeleton (D:5)
  3 jellies
  An orc priest (D:6)
  3 orc wizards
  Terence (D:2)
  An iguana (D:8)
  5 worker ants
  A worker ant zombie (D:7)
  A gnoll (D:3)
  12 adders
  An ufetubus (Abyss:1)
  2 oozes (D:6)
  3 adder skeletons
  2 adder zombies
  A worm (D:2)
  A dart slug (D:1)
  5 leopard geckos
  20 orcs
  5 bats
  2 giant cockroaches
  7 goblins
  6 hobgoblins
  12 jackals
  5 kobolds
  A quokka (D:3)
  6 frilled lizards
  A leopard gecko skeleton (D:8)
  A quokka zombie (D:6)
  9 rats
163 creatures vanquished.

Vanquished Creatures (collateral kills)
  Sigmund (D:2)
  2 gnolls (D:3)
3 creatures vanquished.

Vanquished Creatures (others)
  2 slaves (D:4)
  A centaur (D:6)
  2 orc wizards (D:4)
  A worker ant (D:4)
  A gnoll (D:3)
  An adder (D:4)
  2 orcs (D:4)
  6 jackals (D:4)
16 creatures vanquished.

Grand Total: 182 creatures vanquished

Notes
Turn   | Place    | Note
-------+----------+-------------------------------------------
     0 | D:1      | Ijustatesigmund the Gnoll Artificer began the quest for the
                  | Orb.
     0 | D:1      | Reached XP level 1. HP: 17/17 MP: 4/4
   380 | D:1      | Reached XP level 2. HP: 23/23 MP: 6/6
   732 | D:2      | Reached XP level 3. HP: 20/28 MP: 7/7
   880 | D:2      | Reached skill level 1 in Invocations
   945 | D:2      | Reached skill level 1 in Long Blades
   945 | D:2      | Reached skill level 1 in Axes
   945 | D:2      | Reached skill level 1 in Maces & Flails
   945 | D:2      | Reached skill level 1 in Polearms
   945 | D:2      | Reached skill level 1 in Staves
   945 | D:2      | Reached skill level 1 in Slings
   945 | D:2      | Reached skill level 1 in Bows
   945 | D:2      | Reached skill level 1 in Crossbows
   945 | D:2      | Reached skill level 1 in Throwing
   945 | D:2      | Reached skill level 1 in Armour
   945 | D:2      | Reached skill level 1 in Shields
   945 | D:2      | Reached skill level 1 in Unarmed Combat
   945 | D:2      | Reached skill level 1 in Spellcasting
   945 | D:2      | Reached XP level 4. HP: 34/34 MP: 8/8
  1181 | D:2      | Reached skill level 1 in Conjurations
  1181 | D:2      | Reached skill level 1 in Hexes
  1181 | D:2      | Reached skill level 1 in Charms
  1181 | D:2      | Reached skill level 1 in Summonings
  1181 | D:2      | Reached skill level 1 in Necromancy
  1181 | D:2      | Reached skill level 1 in Translocations
  1181 | D:2      | Reached skill level 1 in Transmutations
  1181 | D:2      | Reached skill level 1 in Fire Magic
  1181 | D:2      | Reached skill level 1 in Ice Magic
  1181 | D:2      | Reached skill level 1 in Air Magic
  1181 | D:2      | Reached skill level 1 in Earth Magic
  1181 | D:2      | Reached skill level 1 in Poison Magic
  1306 | D:2      | Reached XP level 5. HP: 31/40 MP: 9/9
  1567 | D:2      | Noticed Sigmund
  2297 | D:2      | Noticed Terence
  2306 | D:2      | Killed Terence
  2394 | D:2      | Killed Sigmund
  2394 | D:2      | Reached skill level 5 in Dodging
  2394 | D:2      | Reached XP level 6. HP: 47/47 MP: 11/11
  2554 | D:2      | You fall into a shaft and drop 2 floors!
  3595 | D:4      | Noticed Grinder
  3622 | D:4      | Paralysed by Grinder for 3 turns
  3628 | D:4      | Killed Grinder
  3628 | D:4      | Reached skill level 7 in Evocations
  3628 | D:4      | Reached XP level 7. HP: 10/52 MP: 12/12
  3712 | D:4      | Noticed Pikel
  3907 | D:4      | Killed Pikel
  3907 | D:4      | Reached XP level 8. HP: 6/60 MP: 13/13
  4276 | D:4      | Noticed Duvessa
  4276 | D:4      | Noticed Dowan
  4313 | D:4      | Killed Duvessa
  4330 | D:4      | Killed Dowan
  4722 | D:4      | Found a shadowy altar of Dithmenos.
  4722 | D:4      | Found a basalt altar of Yredelemnul.
  4936 | D:5      | Entered Level 5 of the Dungeon
  5794 | D:6      | Learned a level 1 spell: Magic Dart
  5824 | D:6      | Reached XP level 9. HP: 61/66 MP: 12/14
  6325 | D:5      | Found a runed translucent door.
  6352 | D:5      | Noticed Erk's ghost (novice HOFi)
  6930 | D:6      | Reached skill level 5 in Fighting
  6930 | D:6      | Reached skill level 5 in Short Blades
  6988 | D:6      | Got a slimy falchion
  6989 | D:6      | Identified the +6 falchion of Kismet {drain, +Fly Str+3
                  | Int+3} (You found it on level 6 of the Dungeon)
  7055 | D:6      | Found a sparkling altar of Nemelex Xobeh.
  7107 | D:6      | Found a burning altar of Makhleb.
  7432 | D:7      | Reached skill level 5 in Stealth
  7450 | D:7      | Reached skill level 8 in Evocations
  7683 | D:7      | Reached skill level 5 in Invocations
  7823 | D:7      | Found a staircase to the Ecumenical Temple.
  7840 | Temple   | Entered the Ecumenical Temple
  7871 | Temple   | Became a worshipper of Cheibriados the Contemplative
  8370 | D:8      | Reached XP level 10. HP: 70/74 MP: 17/17
  8408 | D:8      | Learned a level 2 spell: Searing Ray
  8452 | D:8      | Reached * piety under Cheibriados
  8453 | D:8      | Gained mutation: You have large cloven feet. [potion of
                  | mutation]
  8453 | D:8      | Gained mutation: You are robust. (+10% HP) [potion of
                  | mutation]
  8456 | D:8      | Found a staircase to the Lair.
  8801 | D:8      | Found a sparkling altar of Nemelex Xobeh.
  8842 | D:8      | Reached skill level 5 in Long Blades
  8842 | D:8      | Reached skill level 5 in Axes
  8842 | D:8      | Reached skill level 5 in Maces & Flails
  8842 | D:8      | Reached skill level 5 in Polearms
  8842 | D:8      | Reached skill level 5 in Staves
  8842 | D:8      | Reached skill level 5 in Slings
  8842 | D:8      | Reached skill level 5 in Bows
  8842 | D:8      | Reached skill level 5 in Crossbows
  8842 | D:8      | Reached skill level 5 in Throwing
  8842 | D:8      | Reached skill level 5 in Armour
  8842 | D:8      | Reached skill level 5 in Shields
  8842 | D:8      | Reached skill level 5 in Unarmed Combat
  8842 | D:8      | Reached skill level 5 in Spellcasting
  9049 | D:9      | Noticed Joseph
  9078 | D:9      | Killed Joseph
  9366 | D:9      | Noticed Psyche
  9372 | D:9      | Cast into level 1 of the Abyss (Psyche)
  9372 | Abyss:1  | Found a corrupted altar of Lugonu.
  9388 | Abyss:1  | Noticed a large abomination
  9396 | Abyss:1  | Noticed a large abomination
  9401 | Abyss:1  | Mangled by a large abomination

Levels and vault maps discovered:
D:1:      ebering_hopf_link, layout_basic, due_unseen_surprise
D:2:      minmay_inner_zag, layout_basic, grunt_ministairs_13,
          minmay_misc_feat_x, uniq_crazy_yiuf_cottage, uniq_terence,
          uniq_sigmund
D:3:      layout_basic, first_ration, supply_closet_lemuel, minmay_unequal
D:4:      layout_basic, gammafunk_temple_overflow_wave, uniq_grinder,
          uniq_duvessa, uniq_pikel
D:5:      layout_layer_cave, nicolae_overflow_hidden_temple,
          ebering_ghost_sewer_d
D:6:      layout_basic, kennysheep_little_box, nemelex_dance_club_becter
D:7:      layout_basic, minmay_temple_entry_trees, hex_medium, grunt_ogre_cave
D:8:      layout_rooms, lemuel_doored_altar, lair_entry_dummy
D:9:      layout_cave_pools, minivault_13, uniq_joseph, uniq_maurice,
          uniq_psyche
Temple:   nicolae_temple_elliptical
Abyss:1

Skill      XL: |  1  2  3  4  5  6  7  8  9 10 |
---------------+-------------------------------+-----
Invocations    | 1 2 3 4 5 |  5.6
Long Blades    | 1 2 3 4 5 |  5.1
Axes           | 1 2 3 4 5 |  5.1
Maces & Flails | 1 2 3 4 5 |  5.1
Polearms       | 1 2 3 4 5 |  5.1
Staves         | 1 2 3 4 5 |  5.1
Slings         | 1 2 3 4 5 |  5.1
Bows           | 1 2 3 4 5 |  5.1
Crossbows      | 1 2 3 4 5 |  5.1
Throwing       | 1 2 3 4 5 |  5.1
Armour         | 1 2 3 4 5 |  5.1
Shields        | 1 2 3 4 5 |  5.1
Unarmed Combat | 1 2 3 4 5 |  5.1
Spellcasting   | 1 2 3 4 5 |  5.1
Conjurations   | 1 2 3 4 |  4.2
Hexes          | 1 2 3 4 |  4.2
Charms         | 1 2 3 4 |  4.2
Summonings     | 1 2 3 4 |  4.2
Necromancy     | 1 2 3 4 |  4.2
Translocations | 1 2 3 4 |  4.2
Transmutations | 1 2 3 4 |  4.2
Fire Magic     | 1 2 3 4 |  4.2
Ice Magic      | 1 2 3 4 |  4.2
Air Magic      | 1 2 3 4 |  4.2
Earth Magic    | 1 2 3 4 |  4.2
Poison Magic   | 1 2 3 4 |  4.2
Fighting       | 3 4 5 |  5.7
Short Blades   | 3 4 5 |  5.7
Dodging        | 5 6 |  6.9
Stealth        | 3 4 5 |  5.6
Evocations     | 7 8 |  8.4

Action                   |  1- 3 |  4- 6 |  7- 9 | 10-12 || total
-------------------------+-------+-------+-------+-------++-------
Melee: Short sword       |    35 |       |       |       ||    35
       Bite              |    10 |    18 |    58 |    15 ||   101
       Mace              |    58 |   165 |   308 |       ||   531
       Punch             |     1 |     2 |    12 |     2 ||    17
       Falchion          |       |       |    65 |    78 ||   143
       Kick              |       |       |       |    20 ||    20
Throw: Throwing net      |       |       |     1 |       ||     1
 Cast: Magic Dart        |       |       |     5 |       ||     5
Invok: Bend Time         |       |       |       |     1 ||     1
Evoke: Wand              |     4 |    15 |     5 |     3 ||    27
  Use: Scroll            |     1 |     7 |     7 |     1 ||    16
       Potion            |       |     4 |     2 |     7 ||    13
 Stab: Sleeping          |     3 |     3 |     1 |       ||     7
       Confused          |       |     1 |       |       ||     1
       Distracted        |       |       |     2 |       ||     2
       Held in net/web   |       |       |     1 |       ||     1
  Eat: Chunk             |       |     6 |     7 |       ||    13
       Ration            |       |     1 |     3 |       ||     4
Armor: Leather armour    |     2 |       |       |       ||     2
       Ring mail         |    13 |    25 |   121 |    20 ||   179
       Chain mail        |       |    37 |    34 |       ||    71
Dodge: Dodged            |    82 |   135 |   355 |    68 ||   640
       Rpst.: Falchion   |       |       |    14 |    16 ||    30

Table legend:
 A = Non-vault XP
 B = Vault XP
 C = Vault XP percentage of total XP
 D = Non-vault monster count
 E = Vault monster count
 F = Vault count percentage of total count
                 A         B        C        D         E       F
            +---------+---------+-------+---------+---------+-------
      Total |    4043 |    2123 |  34.4 |     143 |      23 |  13.9
            +---------+---------+-------+---------+---------+-------
        D:1 |      32 |       0 |   0.0 |      16 |       0 |   0.0
        D:2 |     146 |     290 |  66.5 |      17 |      10 |  37.0
        D:3 |      57 |      10 |  14.9 |      14 |       5 |  26.3
        D:4 |      65 |    1121 |  94.5 |       9 |       4 |  30.8
        D:5 |     777 |       0 |   0.0 |      20 |       0 |   0.0
        D:6 |    1007 |     125 |  11.0 |      27 |       2 |   6.9
        D:7 |     633 |     127 |  16.7 |      10 |       1 |   9.1
        D:8 |    1231 |       0 |   0.0 |      24 |       0 |   0.0
        D:9 |      87 |     450 |  83.8 |       5 |       1 |  16.7
    Abyss:1 |       8 |       0 |   0.0 |       1 |       0 |   0.0
            +---------+---------+-------+---------+---------+-------
